 Dungeon Crawl Stone Soup version 0.17.0-19-gb37c632 (console) character file.

1197 Kloppie the Chucker (level 8, 0/69 HPs)
             Began as a Demigod Hunter on Nov 12, 2015.
             Slain by a killer bee (2 damage)
             ... on level 6 of the Dungeon.
             The game lasted 00:13:34 (4180 turns).

Kloppie the Chucker (Demigod Hunter)                Turns: 4180, Time: 00:13:34

Health: 0/69       AC:  6    Str: 19    XL:     8   Next: 0%
Magic:  19/19      EV: 10    Int: 15    God:
Gold:   282        SH:  0    Dex: 16    Spells: 0 memorised, 7 levels left

rFire  + . .     SeeInvis .     a - +0 lajatang
rCold  . . .     Clarity  .     l - +0 scale mail
rNeg   . . .     SustAt   +     (shield currently unavailable)
rPois  .         Gourm    .     (no helmet)
rElec  .         Spirit   .     (no cloak)
rCorr  .         Warding  .     (no gloves)
rMut   .         Stasis   .     (no boots)
MR     .....                    (no amulet)
Stlth  ..........               j - ring of magical power
                                f - ring of protection from fire

@: lethally poisoned (0 -> -33), not resistant to hostile enchantments,
extremely unstealthy
A: high mp 1, sustain attributes
a: no special abilities


You were on level 6 of the Dungeon.
You were not hungry.

You visited 1 branch of the dungeon, and saw 6 of its levels.

You collected 282 gold pieces.

Inventory:

Hand Weapons
 a - a +0 lajatang (weapon)
 c - a +0 short sword
Missiles
 b - a throwing net
 q - 7 needles of confusion
 r - 4 javelins (quivered)
 s - 9 poisoned needles
 z - 13 tomahawks
Armour
 d - a +0 leather armour
 h - a cursed +0 shield
 l - a +0 scale mail (worn)
 v - a +0 chain mail
Jewellery
 f - a ring of protection from fire (left hand)
 j - a ring of magical power (right hand)
 L - an uncursed ring of ice
Wands
 G - a wand of slowing (26)
 H - a wand of lightning (5)
Scrolls
 g - 3 scrolls of recharging {unknown}
 k - a scroll of enchant weapon {unknown}
 m - 7 scrolls of identify {unknown}
 o - a scroll of noise {unknown}
 t - 2 scrolls of remove curse {unknown}
 y - a scroll of blinking {unknown}
 A - a scroll of amnesia {unknown}
 C - a scroll of magic mapping {unknown}
 D - 2 scrolls of teleportation {unknown}
Potions
 i - 3 potions of ambrosia {unknown}
 p - a potion of heal wounds {unknown}
 u - a potion of haste {unknown}
 x - 2 potions of resistance {unknown}
 E - a potion of invisibility {unknown}
 F - a potion of curing {unknown}
 I - a potion of degeneration {unknown}
 J - 2 potions of agility {unknown}
 K - a potion of cancellation {unknown}
Books
 M - a book of Beasts

   Spells                             Type                      Level
   a - Summon Butterflies             Summoning                    1
   b - Call Canine Familiar           Summoning                    3
   c - Summon Ice Beast               Ice/Summoning                4
   d - Summon Mana Viper              Hexes/Summoning              5
   e - Summon Hydra                   Summoning                    7
Comestibles
 e - 5 bread rations
 n - 8 chunks of flesh
 w - 2 meat rations
 B - a slice of pizza


   Skills:
 + Level 5.4 Fighting
 + Level 4.9 Staves
 + Level 6.3 Throwing
 - Level 1.7 Dodging
 - Level 0.8 Stealth


You had 7 spell levels left.
You didn't know any spells.

Dungeon Overview and Level Annotations

Branches:
Dungeon (6/15)             Temple (0/1) D:5

Annotations:
D:4 Grinder


Innate Abilities, Weirdness & Mutations

You have an increased reservoir of magic (+10% MP).
Your attributes are resistant to harm.


Message History

The killer bee is moderately wounded.
You feel sick. The killer bee barely misses you. The killer bee stings you.
* * * LOW HITPOINT WARNING * * *
You closely miss the killer bee.
The killer bee is moderately wounded.
You feel sick. The killer bee stings you.
* * * LOW HITPOINT WARNING * * *
The killer bee stings you!
* * * LOW HITPOINT WARNING * * *
You are more poisoned.
The killer bee poisons you!
You hit the killer bee.
The killer bee is heavily wounded.
* * * LOW HITPOINT WARNING * * *
You feel sick. The killer bee stings you!
* * * LOW HITPOINT WARNING * * *
You are more poisoned.
The killer bee poisons you! The killer bee completely misses you.
The killer bee stings you.
You die...

######## #......#
#.# #.# #.######
#.######.# #.#
#...)).).# #.#
########## #.# #
#.# # #.#
#.###############
#...@y..........y
#################


You could see a killer bee.

Vanquished Creatures
  The ghost of Acur the Sneak, an amateur OpAs (D:3)
  An ice beast (D:5)
  A phantom (D:4)
  A centaur (D:6)
  An ogre (D:5)
  A crimson imp (D:5)
  A jelly (D:5)
  A giant frog zombie (D:5)
  3 hounds
  2 giant frog skeletons
  3 orc priests
  An iguana (D:5)
  4 orc wizards
  11 adders
  3 gnolls (D:6)
  A shadow imp (D:5)
  An ooze (D:5)
  A worm (D:3)
  4 giant geckos
  21 orcs
  6 giant cockroaches
  7 goblins
  16 hobgoblins
  6 jackals
  5 quokkas
  2 ball pythons
  10 bats
  2 giant gecko skeletons
  3 giant newts
  5 kobolds (D:1)
  12 rats
137 creatures vanquished.

Notes
Turn   | Place    | Note
--------------------------------------------------------------
     0 | D:1      | Kloppie the Demigod Hunter began the quest for the Orb.
     0 | D:1      | Reached XP level 1. HP: 17/17 MP: 3/3
   184 | D:1      | Reached XP level 2. HP: 21/24 MP: 4/4
   237 | D:1      | Reached skill level 4 in Throwing
   720 | D:2      | Reached XP level 3. HP: 30/30 MP: 5/5
  1303 | D:2      | Reached skill level 1 in Staves
  1303 | D:2      | Reached XP level 4. HP: 35/37 MP: 6/6
  1658 | D:3      | Noticed Acur's ghost (amateur OpAs)
  1740 | D:3      | Killed Acur's ghost
  1740 | D:3      | Reached skill level 5 in Throwing
  1740 | D:3      | Reached XP level 5. HP: 35/46 MP: 7/7
  2209 | D:4      | Reached XP level 6. HP: 46/52 MP: 8/8
  2251 | D:4      | Noticed a phantom
  2275 | D:4      | Killed a phantom
  2424 | D:4      | Noticed Grinder
  2440 | D:5      | Entered Level 5 of the Dungeon
  2677 | D:5      | Reached XP level 7. HP: 57/60 MP: 9/9
  3060 | D:5      | Found a staircase to the Ecumenical Temple.
  3099 | D:5      | Reached skill level 5 in Fighting
  3099 | D:5      | Reached skill level 6 in Throwing
  4130 | D:6      | Reached XP level 8. HP: 66/69 MP: 10/10
  4180 | D:6      | HP: 2/69 [killer bee (7)]
  4180 | D:6      | Slain by a killer bee

Action                   |  1- 3 |  4- 6 |  7- 9 || total
-------------------------+-------+-------+-------++-------
Melee: Short sword       |   170 |       |       ||   170
       Lajatang          |    37 |   149 |   105 ||   291
Throw: Javelin           |    16 |    31 |    26 ||    73
       Throwing net      |     1 |     2 |     1 ||     4
       Tomahawk          |       |     7 |     2 ||     9
 Stab: Held in net/web   |     1 |       |       ||     1
  Eat: Chunk             |     2 |     4 |     5 ||    11
